 Seeded DCSS version 0.31-a0-620-gd1cbd99268 (webtiles) character file.

Game seed: 13940975413841313192 (custom seed)

548 zenocrate the Changeling (level 7, -1/55 (64) HPs)
             Began as an Octopode Shapeshifter on Aug 23, 2023.
             Was an Initiate of Gozag.
             Slain by Duvessa
             ... wielding a +1 rapier of draining
              (11 damage)
             ... on level 5 of the Dungeon.
             The game lasted 00:03:18 (3665 turns).

zenocrate the Changeling (Octopode Shapeshifter)    Turns: 3665, Time: 00:03:19

HP:   -1/55 (64)    AC: 23    Str: 15    XL:     7   Next: 28%
MP:   8/8           EV:  2    Int: 10    God:    Gozag
Gold: 218           SH:  0    Dex: 26    Spells: 8/8 levels left

rFire   . .          .
                       - Unarmed
rCold   . . .        (no shield)
rNeg    . . .        (helmet currently unavailable)
rPois   +            (no amulet)
rElec   .            j - +6 ring of dexterity
rCorr   .            n - +6 ring of dexterity
SInv    .            (no ring)
Will    .....        (no ring)
Stlth   ++           (no ring)
HPRegen 0.29/turn    (no ring)
MPRegen 0.11/turn    (no ring)
                     (no ring)

%: no passive effects
@: tree-form, gold aura, heavily drained
A: stationary, stasis, torment immunity, boosted hp, almost no armour,
(amphibious), 8 rings, (camouflage 1), (gelatinous body 1), (nimble swimmer 1),
(tentacles)
a: Renounce Religion, Potion Petition, Call Merchant, Bribe Branch


You were on level 5 of the Dungeon.
You worshipped Gozag.
Gozag was aware of your devotion.
You were a tree.
You visited 2 branches of the dungeon, and saw 6 of its levels.

You collected 257 gold pieces.
You paid 39 gold pieces to Gozag.

Inventory:

Missiles
 g - 7 poisoned darts
 h - a throwing net
 r - 6 boomerangs
 t - 3 atropa-tipped darts
Jewellery
 j - a +6 ring of dexterity (left branch)
 n - a +6 ring of dexterity (right branch)
Talismans
 b - a beast talisman
 c - a flux talisman
 p - a serpent talisman
 q - a granite talisman
Scrolls
 e - a scroll of identify
 k - a scroll of teleportation
 o - a scroll of immolation
Potions
 a - a potion of lignification
 d - a potion of attraction
 f - a potion of enlightenment
 i - 3 potions of might
 l - 3 potions of curing
 m - a potion of mutation
 s - a potion of ambrosia


   Skills:
 - Level 1.0 Fighting
 - Level 3.0 Dodging
 + Level 5.3 Unarmed Combat
 - Level 1.1 Spellcasting
 * Level 5.7 Shapeshifting


You had 8 spell levels left.
You didn't know any spells.
Your spell library contained the following spells:

 Spells                   Type           Power      Damage    Failure   Level
 Freeze                   Ice            0%         1d3       34%         1
 Necrotise                Necr           0%         1d4       34%         1
 Frozen Ramparts          Ice            0%         1d1       71%         3
 Hailstorm                Conj/Ice       0%         3d3       71%         3
 Summon Guardian Golem    Hex/Summ       0%         N/A       71%         3
 Vampiric Draining        Necr           0%         2d6       71%         3
 Agony                    Necr           0%         N/A       100%        5
 Orb of Destruction       Conj           0%         9d5       100%        7
 Spellforged Servitor     Conj/Summ      0%         N/A       100%        7


Dungeon Overview and Level Annotations

Branches:
Dungeon (5/15)             Temple (1/1) D:4

Altars:
Ashenzari
Dithmenos
Fedhas
Gozag
Hepliaklqana
Kikubaaqudgha
Makhleb
Nemelex Xobeh
Okawaru
Qazlal
Ru
Trog
Uskayaw
Wu Jian
Xom
Yredelemnul
Zin

Annotations:
D:5 Dowan, Duvessa


Innate Abilities, Weirdness & Mutations

You are a tree.
Your roots penetrate the ground, keeping you stationary.
You cannot be teleported.
You are immune to unholy pain and torment.
Your maximum health is greatly increased.
You cannot wear most types of armour.
((You are amphibious.))
You can wear up to eight rings at the same time.
((Your skin changes colour to match your surroundings (Stealth+).))
((Your rubbery body absorbs attacks. (AC +1, EV +1)))
((You are camouflaged when in or above water. (Stealth+)))
((You have tentacles for arms and can constrict up to eight enemies at once.))


Message History

No target in view!
No target in view!
You now have 211 gold pieces (gained 9).
You now have 218 gold pieces (gained 7).
An orc is nearby!
An orc is nearby!
Found a potion of enlightenment.
The orc shouts!
The orc hits you with a +0 hand axe.
You tentacle-slap the orc. Your grab misses the orc.
The orc is heavily wounded.
Duvessa, Sister of Dowan comes into view.
She is wielding a +1 rapier of draining and wearing a +2 leather armour of poison resistance.
You closely miss the orc. Your grab misses the orc. You tentacle-slap the orc.
You kill the orc!
Duvessa is nearby!
Dowan, Brother of Duvessa comes into view.
He is wielding a +0 dagger.
Duvessa hits you with a +1 rapier of draining!
You feel drained.
Dowan shouts!
You tentacle-slap Duvessa but do no damage.
You grab Duvessa. You constrict Duvessa.
Duvessa hits you with a +1 rapier of draining!
* * * LOW HITPOINT WARNING * * *
You feel drained.
* * * LOW HITPOINT WARNING * * *
Dowan casts a spell at Duvessa.
Duvessa seems to speed up.
Your transformation has ended.
You turn into a tree.
Your roots penetrate the ground.
You lose your grip on Duvessa.
Duvessa hits you but does no damage.
You feel drained.
Duvessa hits you with a +1 rapier of draining.
* * * LOW HITPOINT WARNING * * *
You feel drained.
You aren't carrying any items that you can evoke.
Unknown command.
You closely miss Duvessa.
Duvessa hits you with a +1 rapier of draining!
You die...
Your body crumbles into a pile of gold.

... ... ### ...
..# ' #e. #.#
#..##.#
....####
#e....# #.♣##$#
#.....#
...###...#
#.....!#
..._...'!..#..#
.......#...#..#
.### ......
#####..# ....
..... #....##
#.. #.'##
#..###


You could see Duvessa (fast) and Dowan.

Vanquished Creatures
  A water moccasin (D:4)
  A black bear (D:4)
  2 scorpions
  2 howler monkeys
  A jelly (D:5)
  A sleepcap (D:4)
  4 adders
  2 worms
  A dart slug (D:4)
  An orc (D:5)
  11 endoplasms
  5 goblins
  8 hobgoblins
  3 quokkas
  5 ball pythons
  2 bats
  A frilled lizard (D:2)
  6 kobolds
  6 rats
63 creatures vanquished.

Notes
Turn   | Place    | Note
-------+----------+-------------------------------------------
     0 | D:1      | zenocrate the Octopode Shapeshifter began the quest for the
                  | Orb.
     0 | D:1      | Reached XP level 1. HP: 13/13 MP: 1/1
   171 | D:1      | Reached XP level 2. HP: 18/18 MP: 2/2
   660 | D:2      | Found an ornate altar of the Wu Jian Council.
   663 | D:2      | Reached XP level 3. HP: 23/23 MP: 3/3
   725 | D:2      | Reached skill level 1 in Spellcasting
  1082 | D:2      | Reached XP level 4. HP: 28/28 MP: 5/5
  1600 | D:3      | Found a stormy altar of Qazlal.
  2116 | D:4      | Noticed a scorpion
  2121 | D:4      | Killed a scorpion
  2122 | D:4      | Reached XP level 5. HP: 33/33 MP: 6/6
  2133 | D:4      | Found a staircase to the Ecumenical Temple.
  2251 | Temple   | Entered the Ecumenical Temple
  2260 | Temple   | Became a worshipper of Gozag Ym Sagoz the Greedy
  2280 | D:4      | Found a shadowy altar of Dithmenos.
  2282 | D:4      | Noticed a black bear
  2292 | D:4      | Killed a black bear
  2293 | D:4      | Reached XP level 6. HP: 21/38 MP: 7/7
  2569 | D:4      | Found an iron altar of Okawaru.
  3107 | D:4      | Noticed a water moccasin
  3115 | D:4      | Killed a water moccasin
  3116 | D:4      | Reached skill level 5 in Unarmed Combat
  3116 | D:4      | Reached skill level 5 in Shapeshifting
  3227 | D:4      | Found a bloodstained altar of Trog.
  3416 | D:5      | Entered Level 5 of the Dungeon
  3428 | D:5      | Reached XP level 7. HP: 27/43 MP: 8/8
  3627 | D:5      | Found a broken altar of Ashenzari.
  3659 | D:5      | Noticed Duvessa
  3661 | D:5      | Noticed Dowan
  3665 | D:5      | Slain by Duvessa

Illustrated notes

Levels and vault maps discovered:
D:1:      lightli_arrival_quake, layout_rooms, minmay_tetromino_o2
D:2:      layout_basic, basic_altar
D:3:      layout_loops_ring, mainiacjoe_overflow_paths
D:4:      layout_loops_corners, mainiacjoe_overflow_tiny_flanked,
          nicolae_dithmenos_the_darkroom, bloody_trog,
          minmay_temple_entry_arrows
D:5:      layout_basic, mainiacjoe_overflow_six_doors_small,
          evilmike_ruin_ashenzari, gup_sewer_entry_pipe,
          minmay_misc_feat_ornament, hangedman_decor_diamond_cutter,
          minivault_14, uniq_duvessa
Temple:   hellmonk_temple_flake

Skill      XL: |  1  2  3  4  5  6 |
---------------+-------------------+-----
Spellcasting   | 1 |  1.1
Dodging        | 3 |  3.0
Unarmed Combat | 4 5 |  5.3
Shapeshifting  | 4 5 |  5.7
Fighting       | |  1.0

Action                     |  1- 3 |  4- 6 |  7- 9 || total
---------------------------+-------+-------+-------++-------
  Melee: Unarmed           |    59 |    58 |    10 ||   127
         Constrict         |    12 |    13 |     3 ||    28
         Tentacles         |     9 |    15 |     2 ||    26
         Punch             |       |     2 |     1 ||     3
    Use: Scroll            |     4 |     5 |       ||     9
         Potion            |     1 |       |     1 ||     2
   Stab: Sleeping          |    13 |     7 |       ||    20
         Distracted        |       |     1 |       ||     1
 Armour: Skin              |     2 |     3 |     1 ||     6
  Dodge: Dodged            |    30 |    25 |     3 ||    58

Table legend: (Time is in decaauts)
 A = Elapsed time spent in this place.
 B = Non-inter-level travel time spent in this place.
 C = Inter-level travel time spent in this place.
 D = Time resting spent in this place.
 E = Time spent auto-exploring this place.
 F = Levels seen in this place.
 G = Mean time per level.
                   A        B        C        D        E       F      G
               +--------+--------+--------+--------+--------+-----+--------+
         Total |   3654 |   3483 |    171 |    174 |   2772 |   6 |  609.0 |
       Dungeon |   3633 |   3470 |    163 |    174 |   2772 |   5 |  726.6 |
        Temple |     21 |     13 |      8 |      0 |      0 |   1 |   21.0 |
               +--------+--------+--------+--------+--------+-----+--------+

Top non-repeatable levels by time:
     D:4: 1276 daAuts
     D:2: 904 daAuts
     D:3: 685 daAuts
     D:1: 520 daAuts
     D:5: 247 daAuts
  Temple: 21 daAuts
